[Event "NOR-chT Eliteserien 2018-19"]
[Site "Norway"]
[Date "2018.11.03"]
[Round "2.5"]
[White "Gullaksen, Eirik"]
[Black "Holm, Kristian Stuvik"]
[Result "0-1"]
[ECO "B90"]
[WhiteElo "2356"]
[BlackElo "2467"]
[Annotator "broadcasts RC"]
[PlyCount "84"]
[EventDate "2018.11.02"]
[EventType "team-tourn"]
[EventCountry "NOR"]
[TimeControl "40/5400+30:1800+30"]

1. e4 c5 2. Nf3 d6 3. d4 cxd4 4. Nxd4 Nf6 5. Nc3 a6 6. Bc4 e6 7. O-O Be7 8. a3 O-O 9. Ba2 b5 10. Re1 Bb7 11. Qf3 Nc6 12. Nxc6 Bxc6 13. Qg3 a5 14. Bh6 Ne8 15. Rad1 b4 16. Nb1 Bh4 17. Qg4 Bxf2+ 18. Kxf2 Qf6+ 19. Bf4 e5 20. Bd5 Bxd5 21. Rxd5 Nc7 22. Rd3 exf4 23. c3 Rab8 24. Re2 g6 25. cxb4 axb4 26. a4 Ne6 27. Rd5 h5 28. Qh3 Ng5 29. Qd3 f3 30. gxf3 Nh3+ 31. Kf1 Nf4 32. Rxd6 Qh4 33. Qa6 Qh3+ 34. Kf2 Qxh2+ 35. Ke3 Qxe2+ 36. Kxf4 Qxa6 37. Rxa6 Rfd8 38. Ke3 Rbc8 39. Nd2 Rc2 40. Nb3 Rxb2 41. Nc5 Rc2 42. Ra5 b3 0-1

[Event "NOR-chT Eliteserien 2018-19"]
[Site "Norway"]
[Date "2018.11.03"]
[Round "2.6"]
[White "Kaasen, Tor Fredrik"]
[Black "Gabrielsen, Stig"]
[Result "1-0"]
[ECO "E15"]
[WhiteElo "2396"]
[BlackElo "2294"]
[Annotator "broadcasts RC"]
[PlyCount "85"]
[EventDate "2018.11.02"]
[EventType "team-tourn"]
[EventCountry "NOR"]
[TimeControl "40/5400+30:1800+30"]

1. d4 Nf6 2. c4 e6 3. Nf3 b6 4. g3 Ba6 5. Nbd2 Bb7 6. Bg2 c5 7. e4 cxd4 8. O-O d6 9. Nxd4 Qc8 10. b3 Be7 11. Bb2 O-O 12. Rc1 Nbd7 13. Qe2 a6 14. f4 Qc5 15. Kh1 Bd8 16. e5 Bxg2+ 17. Qxg2 dxe5 18. fxe5 Nxe5 19. Qxa8 Nd3 20. b4 Qh5 21. Rb1 Ng4 22. Qg2 Ne3 23. Qf3 Ng4 24. Qe2 Bf6 25. Bc3 Be5 26. Kg1 Qh3 27. N2f3 Bxg3 28. hxg3 Qxg3+ 29. Qg2 Qf4 30. Bd2 Qe4 31. Qe2 Qg6 32. Nh4 Qh5 33. Ndf3 Rd8 34. Rb3 Nge5 35. Qg2 Ng4 36. Nh2 f5 37. Nxg4 Qxh4 38. Nf2 Nf4 39. Bxf4 Qxf4 40. Rg3 g6 41. Rxg6+ hxg6 42. Qxg6+ Kf8 43. Qf6+ 1-0

[Event "NOR-chT Eliteserien 2018-19"]
[Site "Norway"]
[Date "2018.11.03"]
[Round "2.7"]
[White "Lie, Espen"]
[Black "Elsness, Frode"]
[Result "1/2-1/2"]
[ECO "B18"]
[WhiteElo "2488"]
[BlackElo "2447"]
[Annotator "broadcasts RC"]
[PlyCount "126"]
[EventDate "2018.11.02"]
[EventType "team-tourn"]
[EventCountry "NOR"]
[TimeControl "40/5400+30:1800+30"]

1. e4 c6 2. d4 d5 3. Nd2 dxe4 4. Nxe4 Bf5 5. Qf3 e6 6. Ne2 Bxe4 7. Qxe4 Nf6 8. Qf3 Bd6 9. g3 Nbd7 10. Bg2 O-O 11. O-O e5 12. Rd1 Qc7 13. Qb3 Rfe8 14. dxe5 Bxe5 15. c3 Rad8 16. Qc2 Nb6 17. Bg5 h6 18. Bxf6 Bxf6 19. Nf4 Be5 20. Nd3 Bd6 21. b3 Be7 22. a4 Bf6 23. a5 Nd5 24. Bxd5 cxd5 25. a6 bxa6 26. Rxa6 Bxc3 27. Nf4 Qb7 28. Ra4 d4 29. Rc4 Qf3 30. Qd3 Qxd3 31. Nxd3 a5 32. Kf1 Rb8 33. Nc1 Rb7 34. Ne2 Rxb3 35. Nxd4 Bxd4 36. Rdxd4 Rb1+ 37. Kg2 Rb5 38. Rc7 Rf5 39. Rc2 Ra8 40. Ra2 Ra7 41. Raa4 Kf8 42. g4 Re5 43. Kg3 Ke7 44. Kf4 Rc5 45. h4 h5 46. f3 Ra6 47. Ra3 Rf6+ 48. Kg3 Rd6 49. Re4+ Kd7 50. Rf4 f6 51. gxh5 Ke7 52. Rb3 Rxh5 53. Rg4 g5 54. hxg5 Rxg5 55. Rxg5 fxg5 56. Rb5 Ra6 57. Rxg5 a4 58. Kf4 a3 59. Rg7+ Kf6 60. Rg1 Ra4+ 61. Ke3 Ke5 62. Kd3 a2 63. Ra1 Kf4 1/2-1/2

[Event "NOR-chT Eliteserien 2018-19"]
[Site "Norway"]
[Date "2018.11.03"]
[Round "2.9"]
[White "Skrondal, Inge Sandstad"]
[Black "Ranaldi, Lucas"]
[Result "1/2-1/2"]
[ECO "B12"]
[WhiteElo "2270"]
[BlackElo "2305"]
[Annotator "broadcasts"]
[PlyCount "111"]
[EventDate "2018.11.02"]
[EventType "team-tourn"]
[EventCountry "NOR"]
[TimeControl "40/5400+30:1800+30"]

1. e4 c6 2. d4 d5 3. e5 Bf5 4. h4 h5 5. Bd3 Bxd3 6. Qxd3 e6 7. Bg5 Qb6 8. Nd2 c5 9. c4 Qxb2 10. Rd1 Qxd4 11. Qb3 Qxe5+ 12. Ne2 Qc7 13. cxd5 f6 14. Nf4 e5 15. d6 Qf7 16. Ne6 Na6 17. Ne4 Rd8 18. Be3 Rd7 19. Bxc5 Qg6 20. Qd5 Ne7 21. Nxf8 Qg4 22. Qd3 Rxf8 23. dxe7 Nxc5 24. exf8=Q+ Kxf8 25. Qf3 Rxd1+ 26. Kxd1 Nxe4 27. Qxg4 hxg4 28. Ke2 Ke7 29. Rc1 Kd7 30. f3 gxf3+ 31. Kxf3 Nd6 32. g4 b5 33. g5 fxg5 34. Rg1 e4+ 35. Ke3 gxh4 36. Rxg7+ Kc6 37. Rxa7 Kd5 38. Kf4 Nc4 39. Rd7+ Kc6 40. Rh7 e3 41. Rxh4 Kc5 42. Ke4 Kb4 43. Kd3 Ka3 44. Rh5 Kb4 45. Rh8 Ka3 46. Ra8+ Kb2 47. a4 bxa4 48. Kxc4 a3 49. Rg8 a2 50. Rg2+ Ka3 51. Rg1 Kb2 52. Rg2+ Ka3 53. Rg1 Kb2 54. Kd3 a1=Q 55. Rxa1 Kxa1 56. Kxe3 1/2-1/2

[Event "NOR-chT Eliteserien 2018-19"]
[Site "Norway"]
[Date "2018.11.03"]
[Round "2.10"]
[White "Gandrud, Vegar Koi"]
[Black "Andersen, Alf Roger"]
[Result "1/2-1/2"]
[ECO "A84"]
[WhiteElo "2320"]
[BlackElo "2256"]
[Annotator "broadcasts RC"]
[PlyCount "142"]
[EventDate "2018.11.02"]
[EventType "team-tourn"]
[EventCountry "NOR"]
[TimeControl "40/5400+30:1800+30"]

1. d4 e6 2. c4 f5 3. g3 d5 4. Bg2 Nf6 5. Nh3 Bd6 6. O-O O-O 7. Bf4 c6 8. Qc2 Na6 9. a3 Nc7 10. Nd2 Ne4 11. Bxd6 Nxd6 12. Nf4 Nce8 13. c5 Nf7 14. Nf3 Nf6 15. Nd3 Qe7 16. Nfe5 Nxe5 17. Nxe5 Ng4 18. Nxg4 fxg4 19. e4 Bd7 20. Rae1 Qf6 21. e5 Qg5 22. Qc1 Qxc1 23. Rxc1 Be8 24. Rc3 Bg6 25. f3 gxf3 26. Rcxf3 Rxf3 27. Rxf3 Rf8 28. Rxf8+ Kxf8 29. Kf2 Bf5 30. h4 h6 31. Bf3 Ke7 32. Ke3 g5 33. hxg5 hxg5 34. Bh5 Kf8 35. Kd2 Ke7 36. Kc3 Kd7 37. b4 Bh3 38. Be2 a6 39. a4 Bf5 40. Bh5 Bh3 41. Kd2 Bf5 42. Be2 Ke7 43. Bf1 Bg4 44. Bd3 Kd7 45. Bc2 Ke7 46. Ke3 Kd7 47. Bd3 Bd1 48. a5 Bg4 49. Bf1 Ke7 50. Kf2 Kd7 51. Kg1 Ke7 52. Kh2 Kd7 53. Bh3 Bf3 54. Kg1 Ke7 55. Kf2 Bd1 56. Bf1 Bg4 57. Bg2 Kf7 58. Ke3 Ke7 59. Bf1 Kd7 60. Bd3 Ke7 61. Kd2 Kd7 62. Bf1 Ke7 63. Ke1 Kd7 64. Kf2 Ke7 65. Bg2 Kf7 66. Ke3 Ke7 67. Bf1 Kd7 68. Be2 Bxe2 69. Kxe2 Ke7 70. Kf3 Kf7 71. g4 Ke7 1/2-1/2

[Event "NOR-chT Eliteserien 2018-19"]
[Site "Norway"]
[Date "2018.11.03"]
[Round "2.12"]
[White "Lindbol, Aleksander"]
[Black "Gudbrandsen, Gustav"]
[Result "1/2-1/2"]
[ECO "A40"]
[WhiteElo "2141"]
[BlackElo "2265"]
[Annotator "broadcasts"]
[PlyCount "113"]
[EventDate "2018.11.02"]
[EventType "team-tourn"]
[EventCountry "NOR"]
[TimeControl "40/5400+30:1800+30"]

1. c4 g6 2. d4 Bg7 3. Nc3 c5 4. d5 Bxc3+ 5. bxc3 f5 6. Nf3 Qa5 7. Qc2 Nf6 8. Bh6 d6 9. e3 Nbd7 10. Rb1 Nb6 11. Bd3 Bd7 12. O-O Ba4 13. Qb2 Qa6 14. Ng5 Bd7 15. h3 Nfxd5 16. cxd5 Qxd3 17. c4 Rg8 18. Rbc1 O-O-O 19. Rfd1 Nxc4 20. Qa1 Qe2 21. Re1 Qh5 22. Rxc4 Rde8 23. Nf7 g5 24. Nxg5 Qxh6 25. h4 Qg6 26. g3 h6 27. Nh3 e5 28. dxe6 Qxe6 29. Rec1 Bc6 30. Kh2 Qd5 31. Nf4 Qf3 32. Qb2 Rxe3 33. Rg1 Ree8 34. Rc3 Qe4 35. Rd3 Rg4 36. Qd2 Qb4 37. Qxb4 cxb4 38. Rxd6 h5 39. Rgd1 Rgg8 40. Nxh5 Rd8 41. Nf4 Rxd6 42. Rxd6 Rd8 43. Rd3 Be4 44. Rb3 Rd2 45. Rxb4 Rxf2+ 46. Kh3 Rf1 47. Rb2 Rh1+ 48. Rh2 Rxh2+ 49. Kxh2 Kd7 50. Kg1 b5 51. Kf2 b4 52. Ke3 Bb1 53. Nd3 a5 54. Nc1 Ke6 55. Kd4 f4 56. gxf4 Kf5 57. Kc5 1/2-1/2

[Event "NOR-chT Eliteserien 2018-19"]
[Site "Norway"]
[Date "2018.11.03"]
[Round "2.14"]
[White "Salomon, Johan"]
[Black "Ostenstad, Berge"]
[Result "1-0"]
[ECO "C18"]
[WhiteElo "2485"]
[BlackElo "2443"]
[Annotator "broadcasts RC"]
[PlyCount "49"]
[EventDate "2018.11.02"]
[EventType "team-tourn"]
[EventCountry "NOR"]
[TimeControl "40/5400+30:1800+30"]

1. e4 e6 2. d4 d5 3. Nc3 Bb4 4. e5 c5 5. a3 Bxc3+ 6. bxc3 Qa5 7. Bd2 Qa4 8. Qg4 Kf8 9. h4 b6 10. h5 h6 11. Rh3 Ba6 12. Rg3 Rh7 13. c4 Bxc4 14. dxc5 b5 15. Rf3 Ke8 16. Qf4 f5 17. exf6 Nxf6 18. Qc7 Bxf1 19. Qc8+ Ke7 20. Qb7+ Nbd7 21. Qxa8 Bxg2 22. c6 Qe4+ 23. Re3 Qc4 24. Bb4+ Kf7 25. cxd7 1-0

[Event "NOR-chT Eliteserien 2018-19"]
[Site "Norway"]
[Date "2018.11.03"]
[Round "2.15"]
[White "Tisdall, Jonathan D"]
[Black "Djurhuus, Rune"]
[Result "0-1"]
[ECO "A49"]
[WhiteElo "2400"]
[BlackElo "2458"]
[Annotator "broadcasts RC"]
[PlyCount "108"]
[EventDate "2018.11.02"]
[EventType "team-tourn"]
[EventCountry "NOR"]
[TimeControl "40/5400+30:1800+30"]

1. Nf3 g6 2. d4 Nf6 3. g3 Bg7 4. Bg2 O-O 5. O-O d6 6. c4 c6 7. Nc3 Bg4 8. h3 Bxf3 9. Bxf3 Nbd7 10. Bg2 e5 11. dxe5 dxe5 12. Be3 Qe7 13. Qb3 Rfb8 14. Rad1 Nc5 15. Qc2 Ne6 16. Na4 Ne8 17. a3 Nd4 18. Bxd4 exd4 19. Rfe1 Nd6 20. e3 Re8 21. Kf1 dxe3 22. Rxe3 Qf6 23. Rf3 Qe6 24. Nc5 Qxc4+ 25. Qxc4 Nxc4 26. Nxb7 Re7 27. Nd8 Rc8 28. Rf4 Nxb2 29. Nxc6 Rec7 30. Rd2 Bh6 31. Rxb2 Bxf4 32. gxf4 Rxc6 33. Bxc6 Rxc6 34. Rb4 Rc3 35. Ra4 Rxh3 36. Kg2 Rc3 37. Rxa7 Kg7 38. a4 Ra3 39. a5 h5 40. a6 Kf6 41. f3 Ra2+ 42. Kg3 Ra4 43. Ra8 Kf5 44. Ra7 f6 45. Ra8 h4+ 46. Kh3 Rxf4 47. Kg2 Ra4 48. a7 g5 49. Kf2 Kf4 50. Rf8 Ra2+ 51. Kf1 Rxa7 52. Rxf6+ Kg3 53. Rf5 g4 54. fxg4 h3 0-1

[Event "NOR-chT Eliteserien 2018-19"]
[Site "Norway"]
[Date "2018.11.03"]
[Round "2.16"]
[White "Haug, Johannes"]
[Black "Ekeberg, Carl Fredrik"]
[Result "1/2-1/2"]
[ECO "D37"]
[WhiteElo "2386"]
[BlackElo "2280"]
[Annotator "broadcasts RC"]
[PlyCount "119"]
[EventDate "2018.11.02"]
[EventType "team-tourn"]
[EventCountry "NOR"]
[TimeControl "40/5400+30:1800+30"]

1. d4 Nf6 2. c4 e6 3. Nf3 d5 4. Nc3 Be7 5. Bf4 O-O 6. e3 b6 7. Bd3 Bb7 8. cxd5 exd5 9. O-O a6 10. Rc1 Nbd7 11. h3 c5 12. dxc5 Nxc5 13. Bb1 Nfe4 14. Nd4 Bf6 15. b4 Bxd4 16. Qxd4 Ne6 17. Qe5 Rc8 18. Nxe4 Rxc1 19. Rxc1 dxe4 20. Bxe4 Qd2 21. Ra1 Bxe4 22. Qxe4 Nxf4 23. exf4 Qb2 24. Qb1 Qd4 25. g3 h6 26. a3 b5 27. Qa2 Rc8 28. Re1 Rc3 29. Kg2 Qc4 30. Re8+ Kh7 31. Qb1+ g6 32. Qb2 Qc6+ 33. Kh2 Qxe8 34. Qxc3 Qe6 35. Qe3 Qc6 36. Qc5 Qf3 37. Qe3 Qc6 38. h4 h5 39. Qe7 Qd5 40. Qf6 Qb7 41. f5 Qa7 42. Kg1 Qb7 43. Qe5 Qc8 44. Qc5 Qd7 45. f6 Qd1+ 46. Kg2 Qd7 47. Qe7 Qd5+ 48. Kh2 Qa2 49. Kg1 Kg8 50. Kf1 Kh7 51. Kg1 Kg8 52. Kg2 Qd5+ 53. Kh2 Qa2 54. Kh3 Qd5 55. f3 Qf5+ 56. Kg2 Qc2+ 57. Kf1 Qd1+ 58. Kf2 Qd2+ 59. Kg1 Qd1+ 60. Kg2 1/2-1/2

[Event "NOR-chT Eliteserien 2018-19"]
[Site "Norway"]
[Date "2018.11.03"]
[Round "2.17"]
[White "Aulin-Jansson, Joran"]
[Black "Tryggestad, Andreas Garberg"]
[Result "0-1"]
[ECO "B23"]
[WhiteElo "2274"]
[BlackElo "2343"]
[Annotator "broadcasts RC"]
[PlyCount "76"]
[EventDate "2018.11.02"]
[EventType "team-tourn"]
[EventCountry "NOR"]
[TimeControl "40/5400+30:1800+30"]

1. e4 c5 2. Nc3 e6 3. f4 a6 4. Nf3 Nc6 5. g3 d5 6. d3 Nf6 7. e5 Ng4 8. Bh3 h5 9. O-O Be7 10. Bxg4 hxg4 11. Ne1 b5 12. Qxg4 g6 13. Nf3 Bb7 14. a4 b4 15. Nd1 Qb6 16. Nf2 c4 17. Nd2 Nd4 18. Qd1 b3 19. cxb3 cxd3 20. Nf3 Nxf3+ 21. Qxf3 d4 22. Ne4 Qxb3 23. Bd2 Rc8 24. Rac1 O-O 25. h4 Qxb2 26. Rcd1 Rc2 27. Rf2 Kg7 28. Qxd3 Qa2 29. h5 Qd5 30. h6+ Kh7 31. Qxc2 d3 32. Qc7 Qxe4 33. Kh2 Bd8 34. Qd6 Qf5 35. Rff1 Qh5+ 36. Kg1 Qh1+ 37. Kf2 Qf3+ 38. Ke1 Qe2# 0-1

[Event "NOR-chT Eliteserien 2018-19"]
[Site "Norway"]
[Date "2018.11.03"]
[Round "2.18"]
[White "Christenson, Flemming"]
[Black "Hammerstad, Asmund"]
[Result "1/2-1/2"]
[ECO "A40"]
[WhiteElo "2204"]
[BlackElo "2207"]
[Annotator "broadcasts"]
[PlyCount "116"]
[EventDate "2018.11.02"]
[EventType "team-tourn"]
[EventCountry "NOR"]
[TimeControl "40/5400+30:1800+30"]

1. d4 e6 2. Nf3 f5 3. Bf4 Nf6 4. h3 Be7 5. g4 b6 6. gxf5 exf5 7. Rg1 g6 8. e3 Bb7 9. Nbd2 d6 10. c4 Nbd7 11. d5 Nh5 12. Bg5 Bxg5 13. Nxg5 Ng7 14. Qc2 Qf6 15. O-O-O O-O-O 16. Nb3 Nc5 17. Nd4 a5 18. Kb1 Rde8 19. a3 a4 20. Bd3 f4 21. Ne4 Nxe4 22. Bxe4 Rhf8 23. f3 fxe3 24. Qxa4 e2 25. Nxe2 Nf5 26. Ka1 Kb8 27. Bxf5 Rxe2 28. Bc2 Qxf3 29. Bd3 Rf2 30. h4 Bc8 31. c5 Qf6 32. Qb3 dxc5 33. Bb5 Qd6 34. Bc6 Bb7 35. Qb5 R2f6 36. Bxb7 Kxb7 37. Rge1 Rd8 38. Re4 Qd7 39. Qc4 Rd6 40. Re5 Kb8 41. Qe4 Qb5 42. Re7 R8d7 43. Rxd7 Qxd7 44. Qe5 Qg4 45. Qe8+ Kb7 46. Qe1 Qf3 47. Qd2 h5 48. Qd3 Qxd3 49. Rxd3 Ka6 50. b3 c6 51. Rg3 cxd5 52. Kb2 Kb7 53. Rg5 Kc7 54. Kc3 d4+ 55. Kd3 Kd7 56. a4 Ke7 57. a5 Kf6 58. a6 b5 1/2-1/2

[Event "NOR-chT Eliteserien 2018-19"]
[Site "Norway"]
[Date "2018.11.03"]
[Round "2.20"]
[White "Mikalsen, Erlend"]
[Black "Vestby-Ellingsen, Mads"]
[Result "0-1"]
[ECO "C11"]
[WhiteElo "2368"]
[BlackElo "2385"]
[Annotator "broadcasts RC"]
[PlyCount "62"]
[EventDate "2018.11.02"]
[EventType "team-tourn"]
[EventCountry "NOR"]
[TimeControl "40/5400+30:1800+30"]

1. e4 e6 2. d4 d5 3. Nc3 Nf6 4. Bg5 dxe4 5. Nxe4 Be7 6. Bxf6 gxf6 7. Qd2 b6 8. O-O-O Bb7 9. Qe3 Nd7 10. f4 f5 11. Nc3 c6 12. Nf3 Qc7 13. Bc4 O-O-O 14. Rhe1 Kb8 15. g3 Nf6 16. Qe2 Bb4 17. Ne5 Bxc3 18. bxc3 Ne4 19. Qe3 h5 20. Rd3 h4 21. g4 Nd6 22. gxf5 Nxf5 23. Qf2 Nd6 24. Bb3 c5 25. dxc5 Ne4 26. Rxd8+ Rxd8 27. Qxh4 bxc5 28. Nxf7 Rf8 29. Bxe6 Qa5 30. Qe7 Qa3+ 31. Kb1 Nd2+ 0-1

[Event "NOR-chT Eliteserien 2018-19"]
[Site "Norway"]
[Date "2018.11.03"]
[Round "2.23"]
[White "Machlik, Edit"]
[Black "Nielsen, Andre"]
[Result "1/2-1/2"]
[ECO "E32"]
[WhiteElo "2110"]
[BlackElo "2260"]
[Annotator "broadcasts"]
[PlyCount "53"]
[EventDate "2018.11.02"]
[EventType "team-tourn"]
[EventCountry "NOR"]
[TimeControl "40/5400+30:1800+30"]

1. d4 Nf6 2. c4 e6 3. Nc3 Bb4 4. Qc2 O-O 5. a3 Bxc3+ 6. Qxc3 b6 7. Bg5 Bb7 8. f3 d5 9. e3 Nbd7 10. cxd5 exd5 11. Bd3 c5 12. Ne2 Re8 13. Bb5 Qe7 14. Bxf6 gxf6 15. Kf2 Rac8 16. Rac1 Rc7 17. Bxd7 Qxd7 18. dxc5 bxc5 19. Qxf6 Rc6 20. Qg5+ Rg6 21. Qf4 Qb5 22. Rc2 Rge6 23. Rhc1 Rxe3 24. Qg5+ Kf8 25. Qh6+ Kg8 26. Qg5+ Kf8 27. Qh6+ 1/2-1/2

[Event "NOR-chT Eliteserien 2018-19"]
[Site "Norway"]
[Date "2018.11.03"]
[Round "2.24"]
[White "Mikalsen, Harald"]
[Black "Machlik, Endre"]
[Result "0-1"]
[ECO "B13"]
[WhiteElo "2006"]
[BlackElo "2154"]
[Annotator "broadcasts"]
[PlyCount "90"]
[EventDate "2018.11.02"]
[EventType "team-tourn"]
[EventCountry "NOR"]
[TimeControl "40/5400+30:1800+30"]

1. e4 c6 2. d4 d5 3. exd5 cxd5 4. Bd3 Nc6 5. c3 Nf6 6. Ne2 Bg4 7. O-O e6 8. Qe1 Bd6 9. f3 Bh5 10. Qh4 O-O 11. Bxh7+ Kxh7 12. g4 g6 13. Bg5 Be7 14. Bxf6 Bxf6 15. Qh3 Kg7 16. gxh5 Rh8 17. Ng3 e5 18. Qg4 exd4 19. hxg6 fxg6 20. Nf5+ Kf7 21. Nxd4 Nxd4 22. cxd4 Rh4 23. Qg3 Bxd4+ 24. Kh1 Bxb2 25. Nd2 Bxa1 26. Rxa1 Qf6 27. Rc1 Re8 28. Rc7+ Re7 29. Rxe7+ Kxe7 30. Qc7+ Kf8 31. Qxb7 Qe7 32. Qb8+ Kg7 33. Qg3 Ra4 34. f4 Qf6 35. f5 Qxf5 36. Qc7+ Kh6 37. Qd8 Qe5 38. Qf8+ Qg7 39. Qd8 Rg4 40. Nf1 d4 41. Qc8 Qf6 42. Nd2 Rf4 43. Qc1 Kh7 44. a3 Rf2 45. Kg1 Qf4 0-1

[Event "NOR-chT Eliteserien 2018-19"]
[Site "Norway"]
[Date "2018.11.03"]
[Round "2.25"]
[White "Stojanovic, Mihajlo"]
[Black "Hammer, Jon Ludvig"]
[Result "1-0"]
[ECO "D02"]
[WhiteElo "2523"]
[BlackElo "2659"]
[Annotator "broadcasts RC"]
[PlyCount "149"]
[EventDate "2018.11.02"]
[EventType "team-tourn"]
[EventCountry "NOR"]
[TimeControl "40/5400+30:1800+30"]

1. Nf3 d5 2. d4 Nf6 3. c4 e6 4. e3 c5 5. cxd5 exd5 6. Bb5+ Nc6 7. O-O Bd6 8. dxc5 Bxc5 9. b3 O-O 10. Bb2 Bg4 11. h3 Bh5 12. Nc3 Bd6 13. Be2 Re8 14. Nb5 Bxf3 15. Bxf3 Be5 16. Bxe5 Nxe5 17. Rc1 Re7 18. Qd4 Qd7 19. Be2 a6 20. Rc7 Qd8 21. Rxe7 Qxe7 22. Nc3 Rd8 23. Rd1 h5 24. Bf3 Nxf3+ 25. gxf3 Rd7 26. f4 b5 27. Qe5 Qc5 28. Ne4 Qc2 29. Nxf6+ gxf6 30. Qxh5 Kf8 31. b4 Rd8 32. Rxd5 Qb1+ 33. Kh2 Rxd5 34. Qxd5 Qxb4 35. Qa8+ Kg7 36. Qxa6 Qd2 37. Qa8 b4 38. Kg3 Qd3 39. Kh2 Qd2 40. Kg2 Qd3 41. Qc6 Qg6+ 42. Kh2 Qd3 43. Qg2+ Kf8 44. Qb7 Qd2 45. Kg2 Kg7 46. Qe4 Kg8 47. Qd4 Qc3 48. Kf3 Qc6+ 49. Kg3 Qc3 50. Kf3 Qc6+ 51. e4 Qb5 52. Kg2 Kg7 53. e5 Qc6+ 54. Kh2 Qc2 55. exf6+ Kh6 56. Kg2 Qc6+ 57. Kh2 Qc2 58. f5 Kg5 59. Kg2 Qxf5 60. Qe3+ Kxf6 61. Qf3 Qxf3+ 62. Kxf3 Kg5 63. Kg3 Kf5 64. h4 Ke5 65. Kg4 Kf6 66. h5 Kg7 67. Kg5 Kh7 68. Kf6 Kh6 69. Kxf7 Kxh5 70. Ke6 Kg4 71. Kd5 Kf3 72. Kc4 Kxf2 73. Kxb4 Ke3 74. Kc5 Ke4 75. a4 1-0

[Event "NOR-chT Eliteserien 2018-19"]
[Site "Norway"]
[Date "2018.11.03"]
[Round "2.27"]
[White "Dahl, Trygve"]
[Black "Mihajlov, Sebastian"]
[Result "1/2-1/2"]
[ECO "B40"]
[WhiteElo "2283"]
[BlackElo "2373"]
[Annotator "broadcasts RC"]
[PlyCount "133"]
[EventDate "2018.11.02"]
[EventType "team-tourn"]
[EventCountry "NOR"]
[TimeControl "40/5400+30:1800+30"]

1. e4 c5 2. Nf3 e6 3. g3 Nc6 4. Bg2 Nf6 5. Qe2 d5 6. d3 Be7 7. O-O O-O 8. e5 Nd7 9. Nbd2 Kh8 10. h4 f6 11. exf6 Bxf6 12. Re1 b5 13. Nf1 Nd4 14. Nxd4 Bxd4 15. Ne3 b4 16. Nd1 Nb6 17. Be3 Bd7 18. c3 bxc3 19. bxc3 Bxe3 20. Nxe3 Qf6 21. Rac1 Rad8 22. Ng4 Qf5 23. Ne5 Ba4 24. f4 Nd7 25. Qf1 Nxe5 26. Rxe5 Qxe5 27. fxe5 Rxf1+ 28. Rxf1 Bb5 29. Rd1 Kg8 30. Bf1 Kf7 31. Rb1 Bc6 32. Be2 Ke7 33. d4 Rc8 34. Kf2 cxd4 35. cxd4 Ba8 36. Bd3 h6 37. Ke2 Bc6 38. Rb3 Kd7 39. Ra3 Rc7 40. Ba6 Kd8 41. Rb3 Ba4 42. Rb8+ Ke7 43. Rb2 Bc2 44. Kd2 Ba4 45. Rb7 Kd8 46. Rb8+ Ke7 47. Bd3 Be8 48. g4 g5 49. h5 a5 50. Bg6 Ba4 51. Rh8 Rc4 52. Rxh6 Rxd4+ 53. Ke3 Rf4 54. Rh7+ Kf8 55. h6 d4+ 56. Kd2 Bb5 57. Rh8+ Ke7 58. Bd3 Bxd3 59. Kxd3 Kf7 60. Rh7+ Kg6 61. Re7 Kxh6 62. Rxe6+ Kg7 63. Ra6 Rxg4 64. Rxa5 Rf4 65. e6 Kf6 66. Rxg5 Kxe6 67. a4 1/2-1/2

[Event "NOR-chT Eliteserien 2018-19"]
[Site "Norway"]
[Date "2018.11.03"]
[Round "2.28"]
[White "Getz, Nicolai"]
[Black "Soderstrom, Adrian"]
[Result "1-0"]
[ECO "E63"]
[WhiteElo "2392"]
[BlackElo "2023"]
[Annotator "broadcasts RC"]
[PlyCount "69"]
[EventDate "2018.11.02"]
[EventType "team-tourn"]
[EventCountry "NOR"]
[TimeControl "40/5400+30:1800+30"]

1. Nf3 d6 2. c4 Nf6 3. d4 g6 4. g3 Bg7 5. Bg2 O-O 6. O-O Nc6 7. Nc3 a6 8. h3 Rb8 9. e4 b5 10. d5 Na5 11. cxb5 axb5 12. b4 Nxd5 13. Nxd5 Bxa1 14. Bg5 Bf6 15. Bxf6 exf6 16. bxa5 Be6 17. Nd4 Bd7 18. Qc1 c5 19. Nf5 Bxf5 20. exf5 Kg7 21. Re1 Qd7 22. Qa1 Qxf5 23. g4 Qg5 24. f4 Qh4 25. g5 Rbe8 26. Qxf6+ Kg8 27. Ne7+ Rxe7 28. Rxe7 d5 29. a6 Qg3 30. a7 Qa3 31. Bxd5 Qc1+ 32. Kh2 Qd2+ 33. Bg2 Qxa2 34. Qc6 Qa4 35. Qe4 1-0

[Event "NOR-chT Eliteserien 2018-19"]
[Site "Norway"]
[Date "2018.11.03"]
[Round "2.29"]
[White "Rygg, Andreas Gangstad"]
[Black "Abdrlauf, Elham"]
[Result "1/2-1/2"]
[ECO "B19"]
[WhiteElo "1845"]
[BlackElo "2160"]
[Annotator "broadcasts"]
[PlyCount "129"]
[EventDate "2018.11.02"]
[EventType "team-tourn"]
[EventCountry "NOR"]
[TimeControl "40/5400+30:1800+30"]

1. e4 c6 2. d4 d5 3. Nc3 dxe4 4. Nxe4 Bf5 5. Ng3 Bg6 6. h4 h6 7. Nf3 Nd7 8. h5 Bh7 9. Bd3 Bxd3 10. Qxd3 Ngf6 11. Bd2 e6 12. O-O-O Be7 13. Ne4 Nxe4 14. Qxe4 Nf6 15. Qd3 Qd5 16. c4 Qe4 17. Qb3 O-O 18. Qxb7 Bd6 19. Qb3 Rab8 20. Qc2 Rb7 21. Rh4 Qxc2+ 22. Kxc2 Rfb8 23. b3 c5 24. Be3 cxd4 25. Nxd4 Bf8 26. f3 Rc8 27. Ne2 Be7 28. Rhh1 Nd5 29. Bd4 Nb4+ 30. Kb2 Nc6 31. Bc3 a6 32. Rd3 Kf8 33. Rhd1 Rcc7 34. Ng3 f5 35. Ne2 e5 36. Ng3 f4 37. Nf5 Bf6 38. Rd6 Kf7 39. Rxc6 Rxc6 40. Nd6+ Rxd6 41. Rxd6 Re7 42. Bb4 Re8 43. Kc2 e4 44. fxe4 Rxe4 45. Bc3 Ke7 46. Rd2 Re3 47. Bxf6+ Kxf6 48. c5 a5 49. c6 Re6 50. Kd3 Rxc6 51. Ke4 Kg5 52. Rd7 Re6+ 53. Kf3 Re3+ 54. Kf2 Kxh5 55. Rxg7 Rc3 56. Rg8 Kh4 57. Rg6 h5 58. Rg8 Rc2+ 59. Kf3 Rxa2 60. Kxf4 Rf2+ 61. Ke4 Rb2 62. g3+ Kh3 63. Rg5 Rxb3 64. Rxh5+ Kxg3 65. Rg5+ 1/2-1/2

[Event "NOR-chT Eliteserien 2018-19"]
[Site "Norway"]
[Date "2019.01.12"]
[Round "5"]
[White "Stojanovic, Mihajlo"]
[Black "Ostmoe, Geir Sune Tallaksen"]
[Result "1/2-1/2"]
[ECO "A16"]
[WhiteElo "2508"]
[BlackElo "2434"]
[Annotator "ChessBase"]
[PlyCount "201"]
[EventDate "2018.11.02"]
[EventType "team-tourn"]
[EventCountry "NOR"]
[SourceTitle "playchess.com"]
[Source "ChessBase"]
[SourceQuality "1"]
[TimeControl "40/5400+30:1800+30"]

1. Nf3 Nf6 2. c4 g6 3. Nc3 d5 4. cxd5 Nxd5 5. e4 Nxc3 6. dxc3 Qxd1+ 7. Kxd1 f6 8. Be3 e5 9. Kc2 Be6 10. Nd2 Nd7 11. Bc4 Bxc4 12. Nxc4 O-O-O 13. b4 h5 14. a4 a6 15. f3 Bh6 16. Bf2 Nf8 17. Bh4 Nh7 18. h3 b5 19. axb5 axb5 20. Rhd1 Rxd1 21. Ra8+ Kb7 22. Rxh8 Rc1+ 23. Kb2 bxc4 24. Rxh7 Bf4 25. g3 Bd2 26. Bxf6 Rxc3 27. Rxc7+ Kb6 28. Bxe5 Rxf3 29. Rxc4 Be1 30. Kc2 Kb5 31. Rc5+ Kxb4 32. Bd6 Rf2+ 33. Kd1 Rd2+ 34. Kxe1 Rxd6 35. Rg5 Kc4 36. Kf2 Kd4 37. e5 Re6 38. Kf3 Kd5 39. Ke3 Re8 40. Rxg6 Kxe5 41. Rg5+ Kf6+ 42. Kf4 h4 43. g4 Ra8 44. Re5 Ra4+ 45. Re4 Ra5 46. Rb4 Kg6 47. Rb6+ Kg7 48. g5 Ra4+ 49. Kf5 Rc4 50. Rb7+ Kg8 51. Kg6 Rc6+ 52. Kh5 Rc4 53. Rb1 Kg7 54. Rb7+ Kg8 55. Ra7 Rb4 56. Kh6 Rb6+ 57. Kh5 Rb4 58. Ra1 Kg7 59. Rc1 Ra4 60. Rc7+ Kg8 61. Kh6 Ra6+ 62. Kh5 Ra4 63. Rd7 Rb4 64. Rd1 Kg7 65. Rg1 Rb8 66. Rg2 Ra8 67. Rb2 Ra4 68. Rb7+ Kg8 69. g6 Rc4 70. Kh6 Rc8 71. Ra7 Rb8 72. Ra5 Rc8 73. Rb5 Ra8 74. Kg5 Ra4 75. Rc5 Kg7 76. Rc7+ Kg8 77. Rd7 Rb4 78. Kh6 Rb8 79. Rh7 Rb3 80. Rg7+ Kh8 81. Ra7 Rb8 82. Kg5 Rb4 83. Kh6 Rb8 84. Kg5 Rb4 85. Rh7+ Kg8 86. Rc7 Ra4 87. Kh6 Ra8 88. Rc4 Rb8 89. Rf4 Rb3 90. Ra4 Rb8 91. Rxh4 Rb3 92. Kg5 Rb5+ 93. Kf6 Rb6+ 94. Kf5 Rb5+ 95. Kf6 Rb6+ 96. Kg5 Rb5+ 97. Kh6 Rb3 98. Rh5 Rg3 99. h4 Rg4 100. g7 Rg6+ 101. Kxg6 1/2-1/2